 Dungeon Crawl Stone Soup version 0.16.1-11-g651b585 (webtiles) character file.

3553 Nihil the Nimble (level 9, -2/43 HPs)
             Began as a Spriggan Enchanter on Apr 6, 2015.
             Was a Believer of Nemelex Xobeh.
             Slain by a slave (8 damage)
             ... led by Pikel
             ... on level 7 of the Dungeon.
             The game lasted 00:48:59 (11325 turns).

Nihil the Nimble (Spriggan Enchanter)              Turns: 11325, Time: 00:49:01

Health: -2/43      AC:  5    Str:  4    XL:     9   Next: 83%
Magic:  4/27       EV: 29    Int: 16    God:    Nemelex Xobeh [**....]
Gold:   680        SH:  0    Dex: 20    Spells: 3 memorised, 15 levels left

rFire  + . .     SeeInvis +     k - +1 dagger (vamp)
rCold  . . .     Clarity  .     m - +2 robe
rNeg   + . .     SustAb   .     (shield restricted)
rPois  .         Gourm    .     (helmet restricted)
rElec  .         Spirit   .     (no cloak)
rCorr  .         Warding  .     (gloves unavailable)
rMut   .         Stasis   .     (boots unavailable)
MR     +....                    (no amulet)
Stlth  +++++.....               q - ring of protection from fire
                                o - ring of positive energy

@: very quick, somewhat resistant to hostile enchantments, quite stealthy
A: unfitting armour, talons 1, molten scales 1, see invisible, herbivore 3,
speed 3, mutation resistance 1, slow metabolism 2
a: Renounce Religion


You were on level 7 of the Dungeon.
You worshipped Nemelex Xobeh.
Nemelex Xobeh was pleased with you.
You were hungry.

You visited 1 branch of the dungeon, and saw 7 of its levels.
You also visited: Sewer and Ossuary.

You collected 680 gold pieces.

Inventory:

Hand weapons
 k - a +1 vampiric dagger (weapon)
Armour
 m - a +2 robe (worn)
Jewellery
 o - a ring of positive energy (left hand)
 q - a ring of protection from fire (right hand)
 s - a +3 ring of intelligence
 C - an uncursed ring of protection from fire
Magical devices
 b - a wand of slowing (0)
 n - a wand of magic darts (13)
 v - a wand of fire (10)
Scrolls
 a - a scroll of blinking
 e - a scroll of remove curse
 g - 7 scrolls of identify
 i - 3 scrolls of amnesia
 r - a scroll of enchant armour
 t - a scroll of fear
Potions
 f - 5 potions of curing
 h - 6 potions of flight
 j - 5 potions of brilliance
 l - a potion of haste
 p - 3 potions of might
 w - a potion of mutation
 x - 2 potions of heal wounds
 A - a potion of restore abilities
 B - a potion of resistance
Books
 c - a book of Maledictions

   Spells                             Type                      Level
   a - Corona                         Hexes                        1
   b - Sure Blade                     Hexes/Charms                 2
   c - Ensorcelled Hibernation        Hexes/Ice                    2
   d - Confuse                        Hexes                        3
   e - Dazzling Spray                 Conjuration/Hexes            3
   f - Enslavement                    Hexes                        4
Miscellaneous
 d - a plain deck of war {drawn: 5}
 u - a plain deck of war
 y - a plain deck of war
 E - a plain deck of escape
Comestibles
 z - 2 slices of pizza
 D - a bread ration


   Skills:
 + Level 2.4 Fighting
 + Level 4.6 Short Blades
 + Level 11.1 Dodging
 + Level 9.8 Stealth
 + Level 7.0 Spellcasting
 + Level 7.3 Hexes
 + Level 3.3 Ice Magic
 * Level 2.4 Evocations


You had 15 spell levels left.
You knew the following spells:

 Your Spells              Type           Power        Failure   Level  Hunger
a - Corona                Hex            ####...      1%          1    None
b - Ensorcelled Hibernat  Hex/Ice        ###...       1%          2    None
c - Enslavement           Hex            ####....     8%          4    ####...


Dungeon Overview and Level Annotations

Branches:
Dungeon (7/15)             Temple (0/1) D:4

Altars:
Cheibriados
Elyvilon
Makhleb
Nemelex Xobeh
Okawaru
Ru
Sif Muna
Vehumet
Zin

Annotations:
D:7 Pikel


Innate Abilities, Weirdness & Mutations

You are tiny and cannot use many weapons and most armour.
You have supernaturally acute eyesight.
You are a herbivore.
You cover ground extremely quickly.
You need consume almost no food.
You have sharp toenails.
You are partially covered in molten scales (AC +1).
You are somewhat resistant to further mutation.


Message History

The slave completely misses you.
Drink which item? (? for menu, Esc to quit)
You feel much better.
Pikel says, "You'll fetch a fair price!"
Pikel completely misses you. The slave closely misses you.
You closely miss Pikel. You claw Pikel, but do no damage.
Pikel is almost dead.
You hit Pikel but do no damage. You claw Pikel, but do no damage.
Pikel is almost dead.
Pikel says, "You'll feel the lick of my whip!"
Pikel misses you. The slave hits you!
You hit Pikel but do no damage.
Pikel is almost dead.
Pikel hits you with a whip of flaming!
* * * LOW HITPOINT WARNING * * *
Pikel burns you.
* * * LOW HITPOINT WARNING * * *
The slave hits you!
You die...
Your body glows with a rainbow of weird colours and disappears.

#######.......######.###+###..##.
#.......#......#...Z)...#*,
#..............###...)..#*, ####
#..............#*##.#..##*, ...##
######'#.......+,........., ....#
#####.........#####....### ....#
#...p...........,,.....'., ....#
#.#####.########*......###
##+#####.#####BK@.....#*...#...**
...........[[..p.........,.,...**
##+#####................,,,,,,,,*
....#################.#.,,,,,,,,*
........# *,#,*,,,,,,,* ........#
***+*,,,,,,**,* .#'#....#
*,,,,,**,,,*,,, .#.'....#
*,,,,,+,,,,*,,, .###....#
*,,,,,*,,***,*,


You could see a goliath beetle, Pikel and a slave.

Vanquished Creatures
  A killer bee (D:5)
  2 steam dragons (D:5)
  2 centaurs (D:5)
  A water moccasin (D:3)
  An orc warrior (D:7)
  A phantom (D:5)
  A slave (D:7)
  5 ogres
  2 ice beasts
  A black bear (D:6)
  Sigmund (D:6)
  An elf zombie (Ossuary)
  4 big kobolds (Sewer)
  3 giant frogs (D:6)
  2 worker ants (D:4)
  2 crimson imps (D:5)
  A giant frog zombie (D:6)
  A giant frog skeleton (D:7)
  A jelly (D:6)
  A centaur skeleton (D:7)
  3 human zombies (Ossuary)
  5 hounds
  3 orc priests
  3 orc wizards
  Natasha (twice) (D:6)
  2 iguanas
  A killer bee zombie (D:5)
  Ijyb (D:6)
  Jessica (D:2)
  Terence (D:2)
  A mummy (Ossuary)
  A hound skeleton (D:4)
  11 gnolls
  2 river rats (D:4)
  6 adders
  4 giant mites
  A worm (D:2)
  2 adder zombies
  5 giant geckos
  3 oozes
  23 orcs
  5 ball pythons
  16 bats
  A bat zombie (D:5)
  15 goblins
  15 hobgoblins
  15 jackals
  A quokka (D:2)
  9 giant cockroaches
  6 giant newts
  A giant spore (D:7)
  3 gnoll zombies (Ossuary)
  2 goblin zombies (Ossuary)
  A hobgoblin zombie (Ossuary)
  21 kobolds
  An orc zombie (Ossuary)
  13 rats
240 creatures vanquished.

Vanquished Creatures (collateral kills)
  A phantom (D:4)
  A slave (D:7)
  2 killer bees (D:5)
  A crimson imp (D:4)
  A hound (D:5)
  A jelly (D:6)
  A giant frog skeleton (D:5)
  An orc wizard (D:7)
  A mummy (Ossuary)
  A giant mite (D:4)
  4 orcs
  A hobgoblin (D:5)
  A ball python (D:4)
  A hobgoblin zombie (Ossuary)
  7 kobolds
  A rat (D:6)
26 creatures vanquished.

Vanquished Creatures (others)
  A killer bee (D:5)
  A gnoll zombie (Ossuary)
  A hobgoblin zombie (Ossuary)
3 creatures vanquished.

Grand Total: 269 creatures vanquished

Notes
Turn   | Place    | Note
--------------------------------------------------------------
     0 | D:1      | Nihil, the Spriggan Enchanter, began the quest for the Orb.
     0 | D:1      | Reached XP level 1. HP: 9/9 MP: 4/4
   232 | D:1      | Reached XP level 2. HP: 11/13 MP: 7/7
   486 | D:1      | Learned a level 2 spell: Ensorcelled Hibernation
   685 | D:1      | Reached XP level 3. HP: 16/16 MP: 9/9
  1000 | D:2      | Noticed Jessica
  1006 | D:2      | Killed Jessica
  1144 | D:2      | Noticed Terence
  1708 | D:1      | Reached XP level 4. HP: 21/21 MP: 12/12
  1790 | D:2      | Reached skill level 5 in Stealth
  1955 | D:2      | Killed Terence
  1955 | D:2      | Reached skill level 5 in Dodging
  2705 | D:2      | Reached XP level 5. HP: 25/25 MP: 12/16
  2772 | D:2      | Reached skill level 1 in Ice Magic
  2859 | D:2      | Found a deep blue altar of Sif Muna.
  2862 | D:2      | Found a sacrificial altar of Ru.
  2863 | D:2      | Found a radiant altar of Vehumet.
  3031 | D:3      | Reached skill level 6 in Stealth
  3031 | D:3      | Reached XP level 6. HP: 26/29 MP: 5/18
  3341 | D:3      | Noticed an ice beast
  3399 | D:3      | Killed an ice beast
  3443 | D:3      | Found an iron altar of Okawaru.
  3532 | D:3      | Reached skill level 5 in Hexes
  3711 | D:3      | Found a snail-covered altar of Cheibriados.
  3787 | D:3      | Noticed a water moccasin
  3802 | D:3      | Killed a water moccasin
  3802 | D:3      | Reached skill level 1 in Fighting
  3802 | D:3      | Reached XP level 7. HP: 31/33 MP: 17/20
  4014 | D:3      | Learned a level 4 spell: Enslavement
  4094 | D:4      | Found a glowing drain.
  4206 | Sewer    | Entered a sewer
  4414 | Sewer    | Reached skill level 7 in Dodging
  4977 | D:4      | Found a white marble altar of Elyvilon.
  5123 | D:5      | Entered Level 5 of the Dungeon
  5331 | D:5      | Reached skill level 8 in Dodging
  5331 | D:5      | Reached XP level 8. HP: 37/37 MP: 7/23
  5334 | D:5      | Found a sand-covered staircase.
  5339 | Ossuary  | Entered an ossuary
  5403 | Ossuary  | Reached skill level 5 in Spellcasting
  6622 | D:4      | Reached skill level 9 in Dodging
  7076 | D:4      | Found a sparkling altar of Nemelex Xobeh.
  7080 | D:4      | Found a glowing silver altar of Zin.
  7085 | D:4      | Became a worshipper of Nemelex Xobeh the Trickster
  7184 | D:4      | Found a staircase to the Ecumenical Temple.
  7194 | D:4      | Received a gift from Nemelex Xobeh
  7322 | D:4      | Found a burning altar of Makhleb.
  8155 | D:5      | Reached XP level 9. HP: 16/42 MP: 26/26
  8452 | D:5      | Reached skill level 10 in Dodging
  9461 | D:6      | Noticed Sigmund
  9468 | D:6      | Killed Sigmund
  9500 | D:6      | Received a gift from Nemelex Xobeh
  9866 | D:6      | Noticed Ijyb
  9873 | D:6      | Killed Ijyb
  9899 | D:6      | Noticed Natasha
  9902 | D:6      | Received a gift from Nemelex Xobeh
  9907 | D:6      | Killed Natasha
 10456 | D:6      | Reached skill level 1 in Evocations
 10632 | D:6      | Noticed Natasha
 10640 | D:6      | Killed Natasha
 10782 | D:7      | Gained mutation: You have sharp toenails. [potion of mutation]
 10782 | D:7      | Gained mutation: You are partially covered in molten scales (AC +1). [potion of mutation]
 10782 | D:7      | Gained mutation: You are somewhat resistant to further mutation. [potion of mutation]
 10830 | D:7      | Received a gift from Nemelex Xobeh
 10957 | D:7      | Reached skill level 11 in Dodging
 11121 | D:7      | Noticed Pikel
 11325 | D:7      | Slain by a slave

Action                   |  1- 3 |  4- 6 |  7- 9 || total
-------------------------+-------+-------+-------++-------
Melee: Dagger            |   190 |   313 |  1045 ||  1548
       Unarmed           |    39 |       |       ||    39
 Cast: Ensorcelled Hiber |     8 |    48 |   116 ||   172
       Corona            |       |     6 |     8 ||    14
       Enslavement       |       |       |    31 ||    31
Evoke: Wand              |       |    11 |     1 ||    12
       Deck              |       |       |     5 ||     5
  Use: Potion            |     4 |     5 |    11 ||    20
       Scroll            |     7 |     2 |    12 ||    21
 Stab: Sleeping          |     9 |    30 |    58 ||    97
       Distracted        |       |     1 |     1 ||     2
  Eat: Bread ration      |     1 |     1 |     2 ||     4
       Pizza             |       |       |     1 ||     1
